 Dungeon Crawl Stone Soup version 0.28.0 (webtiles) character file.

Game seed: 2019472428215981241

9213 hito the Magus (level 11, -10/81 HPs)
             Began as a Demonspawn Gladiator on Feb 9, 2022.
             Was an Elder of Nemelex Xobeh.
             Mangled by a two-headed ogre (17 damage)
             ... on level 13 of the Dungeon.
             The game lasted 00:25:10 (10308 turns).

hito the Magus (Demonspawn Gladiator)              Turns: 10308, Time: 00:25:12

Health: -10/81     AC: 11    Str: 14    XL:     11   Next: 20%
Magic:  21/21      EV: 14    Int: 10    God:    Nemelex Xobeh [****..]
Gold:   293        SH:  0    Dex: 17    Spells: 11/11 levels left

rFire   . . .      SeeInvis .   a - +10 hunting sling of Ryropt {freeze, rPois rN+ Dex-2}
rCold   . . .      Faith    .   (no shield)
rNeg    + . .      Spirit   .   N - +1 scale mail {rPois}
rPois   +          Reflect  .   c - +0 helmet
rElec   .          Harm     .   (no cloak)
rCorr   .          Rampage  .   (no gloves)
Will    .....                   (no boots)
Stlth   ..........              (no amulet)
HPRegen 0.23/turn               q - ring of flight
MPRegen 0.17/turn               p - +4 ring of evasion

@: flying
A: molten scales 2, demonic guardian 1, demonic magic 1, weakness stinger 2
a: Renounce Religion, Draw Escape, Draw Destruction, Draw Summoning, Triple
Draw, Deal Four


You were on level 13 of the Dungeon.
You worshipped Nemelex Xobeh.
Nemelex Xobeh was greatly pleased with you.
You visited 2 branches of the dungeon, and saw 14 of its levels.

You collected 496 gold pieces.
You spent 203 gold pieces at shops.

Inventory:

Hand Weapons
 a - the +10 hunting sling of Ryropt (weapon) {freeze, rPois rN+ Dex-2}
   (You bought it in a shop on level 5 of the Dungeon)

   Any ammunition fired from it freezes those it strikes, dealing additional
   cold damage.
   It can also slow down cold-blooded creatures.
   Dex:       It affects your dexterity (-2).
   rPois:     It protects you from poison.
   rN:        It protects you from negative energy.
 b - the +5 dagger of Disaster {venom, rElec Will++}
   (You found it on level 7 of the Dungeon)

   It poisons the flesh of those it strikes.
   rElec:     It insulates you from electricity.
   Will:      It greatly increases your willpower.
 G - a +0 trident
Missiles
 d - 7 throwing nets
 k - 117 stones (quivered ammo)
 s - 57 sling bullets
Armour
 c - a +0 helmet (worn)
 x - a +0 leather armour
 N - a +1 scale mail of poison resistance (worn)
Jewellery
 i - a ring of magical power
 j - a +6 ring of intelligence
 p - a +4 ring of evasion (right hand)
 q - a ring of flight (left hand)
 H - a +6 ring of strength
Wands
 u - a wand of acid (8)
 C - a wand of flame (10)
 F - a wand of digging (12)
 I - a wand of iceblast (9)
 M - a wand of polymorph (9)
Scrolls
 e - a scroll of fog
 f - 3 scrolls of immolation {unknown}
 g - 2 scrolls of vulnerability {unknown}
 l - 2 scrolls of noise {unknown}
 t - a scroll of magic mapping
 y - 2 scrolls of teleportation
 A - a scroll of amnesia {unknown}
 D - 3 scrolls of identify
 E - 2 scrolls of blinking {unknown}
 K - 2 scrolls of enchant weapon {unknown}
 O - a scroll of enchant armour {unknown}
Potions
 h - 2 potions of attraction {unknown}
 m - 3 potions of haste
 n - 3 potions of mutation
 o - 3 potions of might
 r - a potion of lignification {unknown}
 v - 2 potions of invisibility
 w - 4 potions of curing
 z - a potion of degeneration {unknown}
 B - 2 potions of flight {unknown}
 J - 2 potions of brilliance {unknown}
 L - a potion of ambrosia {unknown}
 P - a potion of heal wounds {unknown}


   Skills:
 + Level 6.2 Fighting
 - Level 4.0 Polearms
 + Level 11.1 Slings
 - Level 1.7(7.2) Throwing
 + Level 3.3 Dodging
 - Level 0.7 Spellcasting
 + Level 13.5 Invocations


You had 11 spell levels left.
You didn't know any spells.
Your spell library contained the following spells:

 Spells                   Type           Power      Damage    Failure   Level
 Apportation              Tloc           0%         N/A       85%         1
 Shock                    Conj/Air       0%         1d3       85%         1
 Blink                    Tloc           0%         N/A       94%         2
 Corpse Rot               Necr/Air       0%         N/A       94%         2
 Poisonous Vapours        Pois/Air       0%         N/A       94%         2
 Sublimation of Blood     Necr           0%         N/A       94%         2
 Wereblood                Tmut           0%         N/A       94%         2
 Frozen Ramparts          Ice            0%         1d2       99%         3
 Gell's Gravitas          Tloc           0%         N/A       99%         3
 Swiftness                Air            0%         N/A       99%         3
 Teleport Other           Tloc           0%         N/A       99%         3
 Airstrike                Air            0%         N/A       100%        4
 Ice Form                 Ice/Tmut       0%         N/A       100%        4
 Summon Ice Beast         Ice/Summ       0%         N/A       100%        4
 Alistair's Intoxication  Tmut/Pois      0%         N/A       100%        5
 Manifold Assault         Tloc           0%         N/A       100%        5
 Dispersal                Tloc           0%         N/A       100%        6
 Storm Form               Tmut/Air       0%         N/A       100%        7
 Summon Hydra             Summ           0%         N/A       100%        7


Dungeon Overview and Level Annotations

Branches:
Dungeon (13/15)            Temple (0/1) D:7            Lair (1/6) D:9
    Orc: D:9-12      Vaults: D:13-14

Altars:
Cheibriados
Hepliaklqana
Makhleb
Nemelex Xobeh
Qazlal
Wu Jian
Xom

Shops:
D:5 (*

Annotations:
D:7 2 runed translucent doors, Hubris850's ghost, novice GnCA


Innate Abilities, Weirdness & Mutations

You are mostly covered in molten scales. (AC +3)
A weak demonic guardian rushes to your aid.
Spells you cast may paralyse adjacent enemies.
You have a tail ending in a sharp stinger.


Message History

You shoot a stone.
The stone barely misses the two-headed ogre.
The two-headed ogre closely misses you.
The two-headed ogre hits you with a +0 giant club!
Fire: 120 stones
Press: ? - help, Q - select action, (/) - cycle Shift-Dir - straight line, f/p - two-headed ogre
Aim: a two-headed ogre, wielding two +0 giant clubs (84% to hit)
You shoot a stone.
The stone completely misses the two-headed ogre.
Unknown command.
You draw a card...
You have drawn Wild Magic.
The two-headed ogre looks sleepy for a second.
The two-headed ogre seems to slow down.
You feel a surge of magic.
The two-headed ogre hits you with a +0 giant club!!
The two-headed ogre hits you but does no damage.
Unknown command.
Fire: 119 stones
Press: ? - help, Q - select action, (/) - cycle Shift-Dir - straight line, f/p - two-headed ogre
Aim: a two-headed ogre, wielding two +0 giant clubs (slow, 84% to hit)
You shoot a stone. The stone hits the two-headed ogre!
The stone freezes the two-headed ogre.
The two-headed ogre is moderately wounded.
The two-headed ogre is no longer moving slowly.
Fire: 118 stones
Press: ? - help, Q - select action, (/) - cycle Shift-Dir - straight line, f/p - two-headed ogre
Aim: a two-headed ogre, wielding two +0 giant clubs (moderately wounded, 84% to hit)
You shoot a stone. The stone hits the two-headed ogre!
The stone freezes the two-headed ogre.
The two-headed ogre is heavily wounded.
You draw a card...
You have drawn Degeneration.
Nothing appears to happen.
The two-headed ogre hits you with a +0 giant club! x2
You draw a card...
You have drawn the Storm.
A fierce wind blows from the card.
You hear a mighty peal of thunder!
You hear a shout!
The two-headed ogre hits you with a +0 giant club!!
* * * LOW HITPOINT WARNING * * *
A demonic guardian appears!
The two-headed ogre hits you with a +0 giant club!
You die...
Your body disappears without a glow.

################
#...............
#.....5@.....#
#.....O......#
#....(########
#..... #.....
#..... .......
...<... (..(...


You could see a two-headed ogre (ally target) and a friendly white imp
(summoned).

Vanquished Creatures
  Harold (D:8)
  A centaur warrior (D:9)
  A gargoyle (D:12)
  Psyche (D:8)
  3 trolls
  A hornet (D:9)
  Prince Ribbit (D:8)
  A shadow (D:8)
  3 yaks (D:8)
  A water moccasin (D:7)
  A hornet zombie (D:8)
  5 orc warriors
  2 ice beasts
  2 black bears (D:6)
  2 ogres
  2 necrophages
  3 centaurs
  A kobold brigand (D:7)
  A bullfrog (D:7)
  2 scorpions
  A water moccasin skeleton (D:4)
  11 killer bees
  3 howler monkeys
  A crimson imp (D:6)
  4 centaur zombies
  A jelly (D:6)
  7 orc priests
  2 bullfrog skeletons
  A gnoll shaman (D:7)
  3 hounds
  3 iguanas
  2 orc wizards
  A killer bee zombie (D:7)
  A hound skeleton (D:4)
  Robin (D:2)
  3 gnolls (D:7)
  2 howler monkey skeletons
  3 adders
  2 white imps
  An adder skeleton (D:4)
  An adder zombie (D:5)
  5 worms
  30 orcs
  7 bats
  12 endoplasms
  4 giant cockroaches
  9 goblins
  11 hobgoblins
  3 jackals (D:1)
  5 quokkas
  11 ball pythons
  4 frilled lizards
  12 kobolds
  13 rats
215 creatures vanquished.

Vanquished Creatures (collateral kills)
  2 two-headed ogres (D:9)
  An ugly thing (D:13)
  A manticore (D:9)
  A wraith (D:8)
  4 killer bees (D:9)
  A howler monkey (D:12)
  A centaur zombie (D:9)
  A gnoll shaman (D:9)
12 creatures vanquished.

Vanquished Creatures (others)
  An orc wizard (D:6)
  A bush (Lair:1)
  17 fungi
  24 plants (Lair:1)
43 creatures vanquished.

Grand Total: 270 creatures vanquished

Notes
Turn   | Place    | Note
-------+----------+-------------------------------------------
     0 | D:1      | hito the Demonspawn Gladiator began the quest for the Orb.
     0 | D:1      | Reached XP level 1. HP: 16/16 MP: 1/1
   167 | D:1      | Gained mutation: You are partially covered in molten
                  | scales. (AC +2) [demonic ancestry]
   167 | D:1      | Reached XP level 2. HP: 22/22 MP: 2/2
   541 | D:1      | Found a faded altar of an unknown god.
   572 | D:1      | Prayed at the altar of an unknown god.
   572 | D:1      | Became a worshipper of Nemelex Xobeh the Trickster
   572 | D:1      | Reached * piety under Nemelex Xobeh
   572 | D:1      | Received a gift from Nemelex Xobeh
   689 | D:1      | Gained mutation: You have a small tail. [demonic ancestry]
   689 | D:1      | Reached XP level 3. HP: 17/28 MP: 4/4
  1068 | D:2      | Reached skill level 1 in Invocations
  1262 | D:2      | Received a gift from Nemelex Xobeh
  1631 | D:2      | Noticed Robin
  1640 | D:2      | Killed Robin
  1641 | D:2      | Gained mutation: You have a tail ending in a sharp stinger.
                  | [demonic ancestry]
  1641 | D:2      | Reached XP level 4. HP: 27/34 MP: 5/5
  1861 | D:3      | Reached skill level 2 in Invocations
  2013 | D:3      | Found a snail-covered altar of Cheibriados.
  2015 | D:3      | Reached ** piety under Nemelex Xobeh
  2663 | D:4      | HP: 1/35 [orc priest/nerve-wracking pain (3)]
  2665 | D:4      | Reached skill level 3 in Invocations
  2665 | D:4      | Reached XP level 5. HP: 2/41 MP: 7/7
  3062 | D:4      | Received a gift from Nemelex Xobeh
  3228 | D:4      | Noticed an ogre
  3233 | D:4      | Killed an ogre
  3234 | D:4      | Reached skill level 4 in Invocations
  3234 | D:4      | Reached XP level 6. HP: 48/48 MP: 7/9
  3266 | D:4      | Found an ornate altar of the Wu Jian Council.
  3648 | D:4      | Reached skill level 5 in Invocations
  3681 | D:5      | Entered Level 5 of the Dungeon
  3751 | D:5      | Found Housh's Antique Weapon Shoppe.
  3775 | D:5      | Reached skill level 6 in Invocations
  3794 | D:5      | Bought a bloodstained hunting sling for 110 gold pieces
  3794 | D:5      | Identified the +10 hunting sling of Ryropt {freeze, rPois
                  | rN+ Dex-2} (You bought it in a shop on level 5 of the
                  | Dungeon)
  4101 | D:5      | Noticed an ice beast
  4116 | D:5      | Killed an ice beast
  4117 | D:5      | Reached skill level 1 in Slings
  4117 | D:5      | Gained mutation: A weak demonic guardian rushes to your
                  | aid. [demonic ancestry]
  4117 | D:5      | Reached XP level 7. HP: 54/54 MP: 11/11
  4239 | D:5      | Found Osoplyj's Assorted Antiques.
  4267 | D:5      | Bought an amethyst potion for 21 gold pieces
  4267 | D:5      | Bought a scroll labelled POSSUNW XUSAR for 24 gold pieces
  4267 | D:5      | Bought a scroll of identify for 48 gold pieces
  4304 | D:5      | Reached *** piety under Nemelex Xobeh
  4322 | D:5      | Reached skill level 7 in Invocations
  4482 | D:5      | Received a gift from Nemelex Xobeh
  4709 | D:6      | Reached skill level 5 in Fighting
  4731 | D:6      | Reached XP level 8. HP: 41/62 MP: 13/13
  5048 | D:6      | Received a gift from Nemelex Xobeh
  5749 | D:6      | Found a burning altar of Makhleb.
  5907 | D:7      | Reached skill level 5 in Slings
  6039 | D:7      | Found a large runed translucent door.
  6039 | D:7      | Found a large runed translucent door.
  6041 | D:7      | Noticed Hubris850's ghost (novice GnCA)
  6061 | D:7      | Found a hazy altar of Hepliaklqana.
  6231 | D:7      | Found a stormy altar of Qazlal.
  6335 | D:7      | Found a staircase to the Ecumenical Temple.
  6347 | D:7      | Identified the +5 dagger of Disaster {venom, rElec Will++}
  6402 | D:7      | Gained mutation: You are mostly covered in molten scales.
                  | (AC +3) [demonic ancestry]
  6402 | D:7      | Reached XP level 9. HP: 69/69 MP: 14/14
  6844 | D:8      | Found a shimmering altar of Xom.
  6874 | D:8      | Reached **** piety under Nemelex Xobeh
  6900 | D:8      | Noticed Prince Ribbit
  6909 | D:8      | Killed Prince Ribbit
  6973 | D:8      | Reached skill level 8 in Invocations
  7080 | D:8      | Reached skill level 9 in Invocations
  7280 | D:8      | Noticed Psyche
  7284 | D:8      | Killed Psyche
  7554 | D:8      | Reached skill level 10 in Invocations
  7846 | D:8      | HP: 3/69 [shadow (6)]
  7866 | D:8      | Reached XP level 10. HP: 8/76 MP: 17/17
  8232 | D:8      | Noticed Harold
  8251 | D:8      | Killed Harold
  8332 | D:8      | Reached skill level 11 in Invocations
  8726 | D:9      | Noticed a two-headed ogre
  8735 | D:9      | Killed a two-headed ogre
  8742 | D:9      | Reached skill level 10 in Slings
  8805 | D:9      | Received a gift from Nemelex Xobeh
  8868 | D:9      | Noticed a manticore
  8873 | D:9      | Killed a manticore
  8874 | D:9      | Reached skill level 12 in Invocations
  8958 | D:9      | Found a staircase to the Lair.
  9033 | D:9      | Noticed a centaur warrior
  9036 | D:9      | Noticed a two-headed ogre
  9040 | Lair:1   | Entered Level 1 of the Lair of Beasts
  9206 | D:9      | Killed a two-headed ogre
  9215 | D:9      | Killed a centaur warrior
  9216 | D:9      | Reached skill level 13 in Invocations
  9216 | D:9      | Gained mutation: Spells you cast may paralyse adjacent
                  | enemies. [demonic ancestry]
  9216 | D:9      | Reached XP level 11. HP: 15/81 MP: 20/20
  9583 | D:10     | Entered Level 10 of the Dungeon
  9583 | D:10     | Noticed a two-headed ogre
 10012 | D:13     | Noticed a white ugly thing
 10019 | D:13     | Killed a white ugly thing
 10039 | D:13     | Received a gift from Nemelex Xobeh
 10072 | D:13     | Noticed a rakshasa
 10072 | D:13     | Noticed a five-headed hydra
 10082 | D:13     | Noticed a deep elf zephyrmancer
 10082 | D:13     | Noticed a deep elf zephyrmancer
 10298 | D:13     | Noticed a two-headed ogre
 10308 | D:13     | Mangled by a two-headed ogre

Illustrated notes

Levels and vault maps discovered:
D:1:      minmay_arrival_nine_rooms, layout_rooms,
          chequers_ecumenical_altar_simple
D:2:      layout_basic, uniq_robin
D:3:      layout_basic, slow_altar_1, serial_glass, glass_columns_c,
          glass_columns_b, glass_columns_b, glass_columns_b, glass_columns_b,
          glass_columns_c, minmay_strange_pillars, item_on_display_a
D:4:      layout_loops_ring, nzn_wu_jian_contemplation, minmay_quantized
D:5:      layout_loops_cross, serial_shops, nicolae_shop_window_shopping,
          kennysheep_windowed_goal
D:6:      layout_loops_ring, makhleb_grotto_becter
D:7:      layout_loops_cross, mainiacjoe_overflow_catch_the_wave,
          mainiacjoe_overflow_small_starburst, minmay_temple_entry_arrows,
          ebering_ghost_disaster_area, hangedman_decor_peaks_small
D:8:      layout_gridville, xom_teletrap_fun, uniq_prince_ribbit1, uniq_harold,
          uniq_psyche
D:9:      layout_roguey, lair_entry_dummy, grunt_decor_one_mirror,
          minmay_checkerbox
D:10:     layout_loops_ring, lemuel_round_altar, zombieorc2_lemuel
D:11:     layout_roguey, serial_shops, shop, trove_entry_hex_spiral
D:12:     layout_layer_cave, portal_ice_cave_entry_animals_and_master,
          minmay_liquid_box, nicolae_wwwww, grunt_gozag_statues
D:13:     minmay_distorted_concentric_squares, layout_irregular_city,
          lightli_elemental_guards, uniq_sonja
Lair:1:   layout_loops_ring, hangedman_tree_tricks, nicolae_lair_grazing_beasts
          [nicolae_sub_lair_graze_edge, nicolae_sub_lair_graze_edge,
          nicolae_sub_lair_graze_edge, nicolae_sub_lair_graze_edge],
          infiniplex_staircase_pool_2, uniq_fannar, uniq_gastronok, uniq_urug

Skill      XL: |  1  2  3  4  5  6  7  8  9 10 11 |
---------------+----------------------------------+-----
Polearms       | 3 4 |  4.0
Dodging        | 3 |  3.3
Invocations    | 1 3 4 6 7 10 13 | 13.5
Fighting       | 3 4 5 6 |  6.2
Slings         | 1 3 7 9 10 11 | 11.1
Throwing       | |  1.7
Spellcasting   | |  0.7

Action                   |  1- 3 |  4- 6 |  7- 9 | 10-12 || total
-------------------------+-------+-------+-------+-------++-------
Melee: Trident           |   174 |   156 |     8 |       ||   338
       Tailslap          |    10 |    20 |     2 |       ||    32
       Punch             |       |     4 |       |       ||     4
       Dagger            |       |       |     9 |       ||     9
 Fire: Hunting sling     |       |       |   259 |   135 ||   394
Throw: Throwing net      |       |       |     1 |       ||     1
Invok: Draw Destruction  |       |     6 |    14 |     5 ||    25
       Draw Escape       |       |     1 |       |       ||     1
       Draw Summoning    |       |       |       |     8 ||     8
  Use: Scroll            |       |     5 |     2 |     2 ||     9
       Potion            |       |       |       |     1 ||     1
 Stab: Sleeping          |     1 |     2 |       |       ||     3
Armor: Leather armour    |    58 |    34 |    25 |       ||   117
       Scale mail        |       |       |       |    15 ||    15
Dodge: Dodged            |   105 |    95 |    88 |    49 ||   337
